 Dungeon Crawl Stone Soup version 0.20.0-15-g7f486f2 (webtiles) character file.

28835 greprep the Basher (level 13, -10/112 HPs)
             Began as a Minotaur Fighter on June 24, 2017.
             Was a Priest of the Shining One.
             Splashed by an oklob plant's acid (15 damage)
             ... on level 4 of the Lair of Beasts.
             The game lasted 00:35:08 (20674 turns).

greprep the Basher (Minotaur Fighter)              Turns: 20674, Time: 00:35:09

Health: -10/112    AC: 15    Str: 31    XL:     13   Next: 11%
Magic:  17/17      EV: 14    Int:  5    God:    the Shining One [***...]
Gold:   606        SH:  0    Dex: 10    Spells: 12/12 levels left

rFire    . . .     SeeInvis .   K - +2 executioner's axe (freeze)
rCold    . . .     Gourm    .   (shield currently unavailable)
rNeg     + + .     Faith    .   S - +4 pearl dragon scales
rPois    .         Spirit   .   C - +2 hat
rElec    .         Reflect  .   E - +0 cloak
rCorr    .         Harm     .   (no gloves)
MR       .....                  I - +0 pair of boots
Stlth    ..........             (no amulet)
Regen    0.3/turn               (no ring)
MPRegen  0.2/turn               (no ring)

@: mighty, corroded, hasted, glowing, studying Evocations, very quick
A: retaliatory headbutt, horns 2
a: Divine Shield, Renounce Religion


You were on level 4 of the Lair of Beasts.
You worshipped the Shining One.
The Shining One was most pleased with you.
You were not hungry.

You visited 3 branches of the dungeon, and saw 16 of its levels.
You also visited: Ice Cave.

You collected 750 gold pieces.
You spent 144 gold pieces at shops.

Inventory:

Hand Weapons
 i - a cursed -2 dire flail
 n - a +0 flail of holy wrath
 J - the +2 spear of Bloodstone {pierce, Dex+9}
   (You found it in an ice cave)

   It inflicts extra damage upon your enemies.
   It affects your dexterity (+9).
 K - a +2 executioner's axe of freezing (weapon)
Armour
 c - a +0 shield
 C - a +2 hat (worn)
 E - a +0 cloak (worn)
 I - a +0 pair of boots (worn)
 S - +4 pearl dragon scales (worn)
Jewellery
 p - an uncursed ring of protection from magic {unknown}
Wands
 l - a wand of polymorph (13/24)
 N - a wand of acid (9/15)
 O - a wand of scattershot (3/9)
Scrolls
 a - 4 scrolls of recharging {unknown}
 b - a scroll of silence {unknown}
 e - 3 scrolls of noise {unknown}
 g - 7 scrolls of remove curse
 k - 5 scrolls of enchant weapon {unknown}
 r - 3 scrolls of fear
 u - 2 scrolls of magic mapping
 w - 2 scrolls of amnesia {unknown}
 x - a scroll of immolation {unknown}
 y - 3 scrolls of random uselessness {unknown}
 z - a scroll of holy word {unknown}
 B - 4 scrolls of teleportation
Potions
 d - 2 potions of might
 h - 2 potions of cancellation
 q - a potion of ambrosia
 s - 2 potions of agility {unknown}
 t - 3 potions of curing
 A - a potion of resistance {unknown}
 F - 4 potions of lignification {unknown}
 H - a potion of brilliance
 M - 4 potions of mutation {unknown}
 Q - a potion of flight {unknown}
 R - a potion of invisibility {unknown}
Books
 L - a manual of Evocations
Comestibles
 f - 8 bread rations
 j - 11 fruits
 m - 3 meat rations
 G - 10 royal jellies


   Skills:
 + Level 9.7 Fighting
 * Level 9.0(12.0) Axes
 - Level 13.0(13.9) Maces & Flails
 + Level 10.0 Armour
 * Level 9.6 Dodging
 - Level 10.2 Shields
 * Level 7.8 Invocations
 * Level 5.3 Evocations


You had 12 spell levels left.
You didn't know any spells.

Dungeon Overview and Level Annotations

Branches:
Dungeon (11/15)            Temple (1/1) D:4            Lair (4/6) D:11
 Shoals (0/4) Lair:4        Snake (0/4) Lair:4          Orc (0/2) D:11

Altars:
Ashenzari
Cheibriados
Dithmenos
Elyvilon
Fedhas
Gozag
Hepliaklqana
Kikubaaqudgha
Makhleb
Nemelex Xobeh
Okawaru
Qazlal
Ru
Sif Muna
Trog
Uskayaw
Vehumet
Xom
Yredelemnul
Zin
The Shining One

Shops:
D:7 !   D:11 =

Annotations:
Lair:4 exclusion: 3 oklob plants


Innate Abilities, Weirdness & Mutations

You reflexively headbutt those who attack you in melee.
You have a pair of horns on your head.


Message History

You slash the oklob plant! You freeze the oklob plant.
The oklob plant is lightly damaged.
The oklob plant spits acid at you. The splash of acid hits you!
You are splashed with acid!
The acid burns!
The oklob plant spits acid at you. The splash of acid hits you!
You are splashed with acid!
The acid burns!
* * * LOW HITPOINT WARNING * * *
Okay, then.
You feel yourself speed up. The oklob plant spits acid at you.
The splash of acid hits you!
* * * LOW HITPOINT WARNING * * *
You are splashed with acid!
The acid burns!
* * * LOW HITPOINT WARNING * * *
You feel very mighty all of a sudden. The oklob plant spits acid at you.
The splash of acid hits you!
* * * LOW HITPOINT WARNING * * *
The acid corrodes you!
You are splashed with acid!
The acid burns!
You die...

#......).))..## #......!
###...........###.......
##..........####........
#............#..........
###..........###..$.....
###...................
###...............N.
#######............N...
#..(P.@.............#..
#..P.................##
#.[.$.P..............#*
#.P$).P..............P#
#.$$(.P..P............#
#######.##.............
***,,** ####.............
*,*,,,* *,*...,,,,,,,,,
*,,,,,********,,,,,,,,,,,


You could see 3 oklob plants.

Vanquished Creatures
  2 hydras
  4 two-headed ogres
  Nergalle (Lair:2)
  An oklob plant (Lair:4)
  2 ugly things (IceCv)
  3 elephants (Lair:3)
  3 ice statues (IceCv)
  11 spiny frogs
  A rime drake (Lair:2)
  2 komodo dragons
  A merfolk (Lair:4)
  3 trolls
  9 blink frogs (Lair:3)
  7 hippogriffs
  A shadow (D:11)
  16 yaks
  A basilisk (Lair:1)
  2 hungry ghosts (D:10)
  3 nagas (Lair:4)
  6 water moccasins
  4 porcupines
  A hornet zombie (D:9)
  7 orc warriors (D:11)
  A black bear (Lair:3)
  16 ice beasts
  6 sky beasts
  11 ogres
  2 phantoms (D:9)
  7 centaurs
  6 crocodiles
  4 big kobolds
  8 bullfrogs
  2 gnoll sergeants (D:11)
  A water moccasin zombie (D:6)
  2 scorpions
  24 killer bees
  5 howler monkeys
  2 lava snakes (D:8)
  11 crimson imps
  2 bullfrog zombies
  A quasit (D:10)
  2 centaur skeletons (D:11)
  4 hounds
  3 jellies (D:10)
  6 orc priests
  4 bullfrog skeletons
  12 orc wizards
  An iguana (D:6)
  5 worker ants
  A hound skeleton (D:7)
  2 worker ant zombies
  A howler monkey zombie (D:8)
  2 gnolls (D:11)
  15 adders
  A howler monkey skeleton (D:7)
  7 oozes
  2 adder zombies
  2 adder skeletons
  3 worms
  2 dart slugs (D:1)
  6 leopard geckos
  62 orcs
  7 giant cockroaches
  5 goblins (D:3)
  6 hobgoblins
  13 jackals
  23 kobolds
  8 quokkas
  A ball python (D:3)
  11 bats
  7 frilled lizards
  A jackal skeleton (D:7)
  A quokka skeleton (D:5)
  11 rats
  3 fungi
442 creatures vanquished.

Vanquished Creatures (others)
  A fungus (Lair:4)
  2 plants (Lair:4)
3 creatures vanquished.

Grand Total: 445 creatures vanquished

Notes
Turn   | Place    | Note
-------+----------+-------------------------------------------
     0 | D:1      | greprep the Minotaur Fighter began the quest for the Orb.
     0 | D:1      | Reached XP level 1. HP: 19/19 MP: 0/0
   208 | D:1      | Reached XP level 2. HP: 27/27 MP: 1/1
   422 | D:1      | Reached XP level 3. HP: 31/33 MP: 2/2
   609 | D:1      | Reached skill level 1 in Dodging
   759 | D:2      | You fall through a shaft for 2 floors!
   774 | D:4      | Reached skill level 3 in Maces & Flails
  1077 | D:4      | Found a staircase to the Ecumenical Temple.
  1090 | Temple   | Entered the Ecumenical Temple
  1482 | Temple   | Became a worshipper of the Shining One
  1702 | D:3      | Reached XP level 4. HP: 40/40 MP: 3/3
  2501 | D:3      | Reached skill level 4 in Maces & Flails
  2677 | D:3      | Reached XP level 5. HP: 46/46 MP: 4/4
  3796 | D:4      | Reached XP level 6. HP: 53/53 MP: 5/5
  3927 | D:4      | Reached skill level 5 in Maces & Flails
  3927 | D:4      | Reached skill level 5 in Shields
  4106 | D:5      | Entered Level 5 of the Dungeon
  4121 | D:5      | Noticed an ice beast
  4342 | D:5      | Reached skill level 5 in Armour
  4355 | D:5      | Killed an ice beast
  4355 | D:5      | Reached XP level 7. HP: 50/60 MP: 6/6
  4441 | D:5      | Reached * piety under the Shining One
  4448 | D:5      | Reached skill level 6 in Maces & Flails
  4684 | D:5      | Found an iron altar of Okawaru.
  4762 | D:6      | Reached skill level 7 in Maces & Flails
  4797 | D:6      | Reached skill level 5 in Fighting
  4818 | D:6      | Reached XP level 8. HP: 62/68 MP: 7/7
  4922 | D:6      | Found a white marble altar of Elyvilon.
  5036 | D:6      | Reached ** piety under the Shining One
  5274 | D:7      | Reached skill level 8 in Maces & Flails
  5672 | D:7      | Reached skill level 9 in Maces & Flails
  5863 | D:7      | Reached skill level 5 in Dodging
  5871 | D:7      | Reached XP level 9. HP: 68/74 MP: 8/8
  5925 | D:7      | Found Bailuthru's Distillery.
  5951 | D:7      | Bought a potion of degeneration for 12 gold pieces
  5951 | D:7      | Bought a potion of curing for 36 gold pieces
  5951 | D:7      | Bought a potion of ambrosia for 96 gold pieces
  6246 | D:7      | Reached skill level 1 in Invocations
  7667 | D:8      | Noticed a two-headed ogre
  7774 | D:7      | Reached *** piety under the Shining One
  7777 | D:7      | Reached skill level 10 in Maces & Flails
  7892 | D:8      | Killed a two-headed ogre
  8835 | D:8      | Reached XP level 10. HP: 84/84 MP: 11/11
  9383 | D:9      | Found a sparkling altar of Nemelex Xobeh.
  9708 | D:9      | Reached skill level 11 in Maces & Flails
 10052 | D:9      | Found a shimmering altar of Xom.
 10053 | D:9      | Found a hazy altar of Hepliaklqana.
 10489 | D:10     | Entered Level 10 of the Dungeon
 10547 | D:10     | Noticed a two-headed ogre
 10570 | D:10     | Killed a two-headed ogre
 10615 | D:10     | Reached skill level 5 in Invocations
 10729 | D:10     | Reached XP level 11. HP: 93/93 MP: 13/13
 12248 | D:11     | Noticed a two-headed ogre
 12259 | D:11     | Killed a two-headed ogre
 12271 | D:11     | Reached skill level 12 in Maces & Flails
 12538 | D:11     | Noticed a five-headed hydra
 12549 | D:11     | Killed a five-headed hydra
 12858 | D:11     | Found a staircase to the Orcish Mines.
 13603 | D:11     | Noticed a two-headed ogre
 13614 | D:11     | Killed a two-headed ogre
 13700 | D:11     | Found a staircase to the Lair.
 14070 | D:11     | Found Acvadich's Jewellery Shoppe.
 14296 | Lair:1   | Entered Level 1 of the Lair of Beasts
 14345 | Lair:1   | Found a frozen archway.
 14349 | Lair:1   | Reached skill level 10 in Shields
 14420 | IceCv    | Entered an ice cave
 14470 | IceCv    | Noticed a white ugly thing
 14487 | IceCv    | Killed a white ugly thing
 14487 | IceCv    | Reached XP level 12. HP: 57/103 MP: 12/16
 15505 | IceCv    | Reached skill level 13 in Maces & Flails
 15670 | IceCv    | Got a shimmering spear
 15891 | IceCv    | Identified the cursed +2 spear of Bloodstone {pierce, Dex+9} (You found it in an ice cave)
 16119 | Lair:1   | Reached skill level 1 in Evocations
 16126 | Lair:1   | Reached skill level 1 in Axes
 17348 | Lair:2   | Noticed Nergalle
 17357 | Lair:2   | Killed Nergalle
 17727 | Lair:3   | Noticed a five-headed hydra
 17729 | Lair:3   | Reached skill level 5 in Axes
 17732 | Lair:3   | Killed an eight-headed hydra
 19326 | Lair:4   | Found a staircase to the Shoals.
 19778 | Lair:4   | Reached XP level 13. HP: 110/112 MP: 13/17
 19824 | Lair:4   | Reached skill level 5 in Evocations
 20210 | Lair:4   | Reached skill level 10 in Armour
 20674 | Lair:4   | HP: 5/112 [oklob plant/splash of acid (8)]
 20674 | Lair:4   | Splashed by an oklob plant's acid

Skill      XL: |  1  2  3  4  5  6  7  8  9 10 11 12 13 |
---------------+----------------------------------------+-----
Shields        | 4 5 6 7 8 10 | 10.2
Armour         | 4 5 6 7 8 9 10 | 10.0
Dodging        | 1 2 3 5 6 7 9 |  9.6
Maces & Flails | 3 4 5 7 9 10 11 12 13 | 13.0
Fighting       | 4 5 6 7 8 9 |  9.7
Invocations    | 3 5 6 7 |  7.8
Evocations     | 4 5 |  5.3
Axes           | 8 9 |  9.0

Action                   |  1- 3 |  4- 6 |  7- 9 | 10-12 | 13-15 || total
-------------------------+-------+-------+-------+-------+-------++-------
Melee: Flail             |    95 |   156 |   268 |   667 |       ||  1186
       Headbutt          |    13 |    21 |    58 |   164 |     8 ||   264
       Executioner's axe |       |       |       |   109 |    28 ||   137
Invok: Divine Shield     |       |       |       |    24 |     1 ||    25
  Use: Scroll            |       |       |    12 |    14 |     1 ||    27
       Potion            |       |       |     3 |     6 |     3 ||    12
  Eat: Chunk             |     1 |     9 |     9 |    11 |       ||    30
       Fruit             |     1 |       |       |       |       ||     1
       Bread ration      |       |       |     1 |     1 |       ||     2
       Meat ration       |       |       |       |     5 |     1 ||     6
Armor: Scale mail        |    35 |    72 |    77 |   108 |       ||   292
       Plate armour      |       |       |       |    70 |       ||    70
       Troll leather arm |       |       |       |     4 |       ||     4
       Shadow dragon sca |       |       |       |     3 |       ||     3
       Pearl dragon scal |       |       |       |   101 |     5 ||   106
Dodge: Dodged            |    20 |    59 |    81 |   378 |    17 ||   555
Block: Shield            |    49 |    92 |   130 |   488 |       ||   759
       Other             |       |       |       |    23 |       ||    23
